 Dungeon Crawl Stone Soup version 0.32-a0-656-g3542139ebd (webtiles) character file.

Game seed: 733757082050996924

168 ytrimaz the Sneak (level 5, 0/33 HPs)
             Began as an Octopode Shapeshifter on Mar 8, 2024.
             Slain by a black bear (2 damage)
             ... on level 3 of the Dungeon.
             The game lasted 00:01:40 (1899 turns).

ytrimaz the Sneak (Octopode Shapeshifter)           Turns: 1899, Time: 00:01:40

Health: 0/33       AC:  1    Str: 14    XL:     5   Next: 49%
Magic:  5/5        EV: 13    Int: 14    God:
Gold:   168        SH:  0    Dex: 11    Spells: 4/4 levels left

rFire   . .          .
                       - Unarmed
rCold   . . .        (no shield)
rNeg    . . .        (helmet currently unavailable)
rPois   .            (no amulet)
rElec   .            (no ring)
rCorr   .            (no ring)
SInv    .            (no ring)
Will    .....        (no ring)
Stlth   ++++         (no ring)
HPRegen 0.25/turn    (no ring)
MPRegen 0.09/turn    (no ring)
                     (no ring)

%: no passive effects
@: beast-form
A: beast (slay +1), almost no armour, amphibious, 8 rings, camouflage 1,
gelatinous body 1, (nimble swimmer 1), tentacles
a: Begin Untransformation


You were on level 3 of the Dungeon.
You were a hulking beast.
You visited 1 branch of the dungeon, and saw 3 of its levels.

You collected 168 gold pieces.


Innate Abilities, Weirdness & Mutations

You are a hulking beast.
Your limbs bulge with bestial killing power. (Slay +1)
You cannot wear most types of armour.
You are amphibious.
You can wear up to eight rings at the same time.
Your skin changes colour to match your surroundings (Stealth+).
Your rubbery body absorbs attacks. (AC +1, EV +1)
((You are camouflaged when in or above water. (Stealth+)))
You have tentacles for arms and can constrict up to eight enemies at once.


   Skills:
 - Level 1.0 Fighting
 - Level 2.0 Dodging
 + Level 4.8 Stealth
 + Level 4.8 Unarmed Combat
 + Level 3.0 Shapeshifting


You had 4 spell levels left.
You didn't know any spells.
Your spell library was empty.

Inventory:

Missiles
 k - a throwing net (quivered)
Talismans
 b - a beast talisman (active)
 c - a flux talisman
 l - a maw talisman
   (You found it on level 2 of the Dungeon)
Scrolls
 a - a scroll of teleportation
 d - 2 scrolls of identify
Potions
 e - a potion of heal wounds
 f - 2 potions of cancellation
 h - a potion of attraction

Dungeon Overview and Level Annotations

Branches:
Dungeon (3/15) Zot: 16106

Altars:

Shops:
D:1 [ D:2

(
########################
.......h................
......h.#############...
........# #.<. ........#
#... ######### #... #..>
####


You could see a black bear (berserk).


Message History

Key pressed, stopping explore.
No target in view!
d - 4 scrolls labelled MIAKUB MACWIYH (gained 1)
d - 5 scrolls labelled MIAKUB MACWIYH (gained 1)
You see here a +0 great sword.
Key pressed, stopping explore.
You see here a +0 great sword.
An adder comes into view.
An adder is nearby!
An adder is nearby!
Unknown command.
The helpless adder fails to defend itself.
You tentacle-slap the adder. Your grab misses the adder.
The adder bites you but does no damage.
You bludgeon the adder! You grab the adder. You squeeze the adder.
You kill the adder!
No target in view!
You see here an adder corpse.
Unknown command.
Found a stone staircase leading up.
There is a stone staircase leading up here.
You now have 165 gold pieces (gained 13).
Key pressed, stopping explore.
n - a fizzy inky potion You see here a +0 spear.
Key pressed, stopping explore.
Key pressed, stopping explore.
No target in view!
Items here: ) ÷÷÷.
Done exploring.
Done exploring.
Done exploring.
No target in view!
As you read the scroll labelled URAW ETOGI DUI, it crumbles to dust.
It is a scroll of amnesia.
You feel forgetful for a moment.
As you read the scroll labelled MIAKUB MACWIYH, it crumbles to dust.
It is a scroll of identify.
f - 2 potions of cancellation
As you read the scroll of identify, it crumbles to dust.
e - a potion of heal wounds Unknown command.
As you read the scroll of identify, it crumbles to dust.
n - a potion of degeneration
As you read the scroll labelled UPTEEL AMMONAE, it crumbles to dust.
You feel strangely unstable.
It was a scroll of teleportation.
You drop a potion of degeneration.
As you read the scroll labelled FAISHY HIRODIU, it crumbles to dust.
It is a scroll of enchant armour.
You aren't carrying any armour which can be enchanted further.
Your surroundings suddenly seem different.
As you read the scroll labelled ALLOEL RAESSOP, it crumbles to dust.
It is a scroll of enchant weapon.
You aren't carrying any weapons that can be enchanted.
As you read the scroll labelled QEOSTR DAZIR, it dissolves into smoke.
It was a scroll of fog.
Unknown command.
You start waiting.
Done waiting.
Things that are here:
a +0 spear; 6 stones
Items here: ))) ÷÷÷.
There is a stone staircase leading down here.
You climb downwards.
Found 3 gold pieces.
Found a stone staircase leading down.
There is a stone staircase leading up here.
You now have 168 gold pieces (gained 3).
A black bear comes into view.
A black bear is nearby!
The black bear growls angrily.
The black bear misses you. The black bear barely misses you.
The black bear claws you. 😕 HP[-3]
You take 3 damage, and now have 30/33 hp.
You tentacle-slap the black bear but do no damage.
You grab the black bear. You constrict the black bear. 😕 HP[+1]
You tentacle-slap the black bear. You constrict the black bear.
The black bear bites you. The black bear claws you. x2 😮 HP[-7]
You take 7 damage, and now have 24/33 hp.
MASSIVE DAMAGE!! (PAUSE)
You tentacle-slap the black bear but do no damage.
You squeeze the black bear. You constrict the black bear.
The black bear closely misses you. The black bear claws you. x2 😮 HP[-3]
You take 3 damage, and now have 21/33 hp.
You are too injured to fight recklessly!
You tentacle-slap the black bear. You constrict the black bear.
The black bear goes berserk!
Unknown command.
You tentacle-slap the black bear. You constrict the black bear.
The black bear bites you!
* * * LOW HITPOINT WARNING * * *
The black bear misses you. The black bear closely misses you.
The black bear bites you!
* * * LOW HITPOINT WARNING * * *
The black bear claws you.
You die...

Skill      XL: |  1  2  3  4 |
---------------+-------------+-----
Stealth        | 1 2 3 4 |  4.8
Unarmed Combat | 4 |  4.8
Fighting       | |  1.0
Dodging        | |  2.0
Shapeshifting  | |  3.0

Action                     |  1- 3 |  4- 6 || total
---------------------------+-------+-------++-------
  Melee: Unarmed           |    28 |    44 ||    72
         Tentacles         |     4 |    11 ||    15
         Constrict         |     3 |    15 ||    18
         Punch             |       |     1 ||     1
    Use: Potion            |     2 |       ||     2
         Scroll            |       |     8 ||     8
   Stab: Sleeping          |     4 |     3 ||     7
 Armour: Skin              |    18 |    30 ||    48
  Dodge: Dodged            |    10 |    21 ||    31

Levels and vault maps discovered:
D:1:      giann_bridges, layout_loops_ring, serial_shops, shop,
          kennysheep_another_room, chequers_mini_garden, minmay_misc_feat_rows,
          st_stairs_5, serial_park_tiny_1, kennysheep_flooded_box
D:2:      layout_loops_ring, serial_shops, nicolae_shop_just_a_little_nook
D:3:      layout_basic, tgw_kikubaaqudgha, minmay_misc_feat_x,
          minmay_lizard_king

Notes
Turn   | Place    | Note
-------+----------+-------------------------------------------
     0 | D:1      | ytrimaz the Octopode Shapeshifter began the quest for the
                  | Orb.
     0 | D:1      | Reached XP level 1. HP: 13/13 MP: 1/1
     0 | D:1      | magus.rc [v1.9.6]
   357 | D:1      | Found Jinesch's Armour Shoppe.
   461 | D:1      | Reached skill level 1 in Stealth
   461 | D:1      | Reached XP level 2. HP: 18/18 MP: 2/2
   704 | D:2      | Reached skill level 2 in Stealth
   704 | D:2      | Reached XP level 3. HP: 12/23 MP: 3/3
   709 | D:2      | HP: 8/34 [poisoned by an adder]
   714 | D:2      | Reached skill level 4 in Unarmed Combat
   715 | D:2      | Reached skill level 3 in Stealth
   715 | D:2      | HP: 5/34 [gnoll/+0 club (5)]
   717 | D:2      | Reached XP level 4. HP: 6/28 MP: 4/4
  1048 | D:2      | Found Ugedym's Antique Weapon Shoppe.
  1103 | D:2      | Reached skill level 4 in Stealth
  1105 | D:2      | HP: 6/28 [gnoll/+0 spear (3)]
  1138 | D:2      | Reached XP level 5. HP: 14/33 MP: 5/5
  1888 | D:3      | Noticed a black bear
  1899 | D:3      | HP: 2/33 [black bear (9)]
  1899 | D:3      | Slain by a black bear

Vanquished Creatures
  11 gnolls (D:2)
  4 adders (D:2)
  A dart slug (D:2)
  2 ball pythons (D:2)
  3 endoplasms
  3 goblins
  A hobgoblin (D:1)
  A quokka (D:2)
  4 bats
  2 frilled lizards
  A kobold (D:2)
  4 rats (D:2)
37 creatures vanquished.

Table legend:
 A = Non-vault XP
 B = Vault XP
 C = Vault XP percentage of total XP
 D = Non-vault monster count
 E = Vault monster count
 F = Vault count percentage of total count
                 A         B        C        D         E       F
            +---------+---------+-------+---------+---------+-------
      Total |     238 |       3 |   1.2 |      35 |       2 |   5.4
            +---------+---------+-------+---------+---------+-------
        D:1 |       7 |       3 |  30.0 |       4 |       2 |  33.3
        D:2 |     231 |       0 |   0.0 |      31 |       0 |   0.0
            +---------+---------+-------+---------+---------+-------

Skill      XL: |  1  2  3  4 |
---------------+-------------+-----
Stealth        | 1 2 3 4 |  4.8
Unarmed Combat | 4 |  4.8
Fighting       | |  1.0
Dodging        | |  2.0
Shapeshifting  | |  3.0

Action                     |  1- 3 |  4- 6 || total
---------------------------+-------+-------++-------
  Melee: Unarmed           |    28 |    44 ||    72
         Tentacles         |     4 |    11 ||    15
         Constrict         |     3 |    15 ||    18
         Punch             |       |     1 ||     1
    Use: Potion            |     2 |       ||     2
         Scroll            |       |     8 ||     8
   Stab: Sleeping          |     4 |     3 ||     7
 Armour: Skin              |    18 |    30 ||    48
  Dodge: Dodged            |    10 |    21 ||    31

Illustrated notes

Table legend:
 A = Kills in this place as a percentage of kills in the entire game.
 B = Kills by you in this place as a percentage of kills by you in the entire game.
 C = Kills by friends in this place as a percentage of kills by friends in the entire game.
 D = Other kills in this place as a percentage of other kills in the entire game.
 E = Experience gained in this place as a percentage of experience gained in the entire game.
 F = Experience gained in this place divided by the number of levels of this place that you have seen.
                   A       B       C       D       E      F
               +-------+-------+-------+-------+-------+----------------------
         Total | 100.0 | 100.0 |   N/A |   N/A | 100.0 |  80.3
       Dungeon | 100.0 | 100.0 |   N/A |   N/A | 100.0 |  80.3
               +-------+-------+-------+-------+-------+----------------------

Table legend: (Time is in decaauts)
 A = Elapsed time spent in this place.
 B = Non-inter-level travel time spent in this place.
 C = Inter-level travel time spent in this place.
 D = Time resting spent in this place.
 E = Time spent auto-exploring this place.
 F = Levels seen in this place.
 G = Mean time per level.
                   A        B        C        D        E       F      G
               +--------+--------+--------+--------+--------+-----+--------+
         Total |   1892 |   1839 |     53 |    121 |   1450 |   3 |  630.7 |
       Dungeon |   1892 |   1839 |     53 |    121 |   1450 |   3 |  630.7 |
               +--------+--------+--------+--------+--------+-----+--------+

Top non-repeatable levels by time:
     D:2: 1202 daAuts
     D:1: 669 daAuts
     D:3: 21 daAuts
